 Dungeon Crawl Stone Soup version 0.16-a0-1157-gec61f8e (webtiles) character file.

33801 Maka the Shatterer (level 13, -25/133 HPs)
             Began as an Ogre Berserker on Mar 27, 2014.
             Was the Champion of Trog.
             Annihilated by a komodo dragon (27 damage)
             ... on level 6 of the Lair of Beasts on Oct 8, 2014.
             The game lasted 01:13:59 (19256 turns).

Maka the Shatterer (Ogre Berserker)                Turns: 19256, Time: 01:13:59

Health: -25/133    AC:  8    Str: 25    XL:     13   Next: 73%
Magic:  13/13      EV: 15    Int:  6    God:    Trog [******]
Gold:   794        SH:  0    Dex: 13    Spells: 0 memorised, 12 levels left

rFire  . . .     SeeInvis .     a - +5 giant spiked club of False Accusations {crush, rC+}
rCold  + . .     Clarity  .     R - +2 robe
rNeg   . . .     SustAb   .     (shield restricted)
rPois  +         Gourm    .     t - +0 hat
rElec  .         Spirit   .     A - +2 cloak {rPois}
rCorr  .         Warding  .     (gloves unavailable)
rMut   .         Stasis   .     (boots unavailable)
MR     +....                    U - amulet of faith
Stlth  +.........               (no ring)
                                (no ring)

@: somewhat resistant to hostile enchantments, very unstealthy
A: unfitting armour, tough skin 1
a: Burn Spellbooks, Berserk, Trog's Hand, Brothers in Arms, Renounce Religion


You were on level 6 of the Lair of Beasts.
You worshipped Trog.
Trog was exalted by your worship.
You were full.

You visited 3 branches of the dungeon, and saw 18 of its levels.

You collected 896 gold pieces.
You spent 102 gold pieces at shops.

Inventory:

Hand weapons
 a - the +5 giant spiked club of False Accusations (weapon) {crush, rC+}
   (Trog gifted it to you on level 6 of the Lair of Beasts)

   It inflicts extra damage upon your enemies.
   It protects you from cold.
 b - a +3 antimagic great mace
 i - the +5 giant club of Springtime {crush, Dex+3}
   (Trog gifted it to you on level 2 of the Lair of Beasts)

   It inflicts extra damage upon your enemies.
   It affects your dexterity (+3).
 V - a +0 giant spiked club of venom
Missiles
 l - 2 throwing nets
 C - 7 steel javelins
 Q - 4 large rocks (quivered)
Armour
 t - a +0 hat (worn)
 A - a +2 cloak of poison resistance (worn)
 R - a +2 robe (worn)
Magical devices
 f - a wand of random effects (13)
 q - a wand of magic darts (24)
 r - a wand of flame (22)
 u - a wand of random effects (12)
 D - a wand of lightning (5)
 E - a wand of paralysis (15)
 I - a wand of paralysis (11)
 K - a wand of polymorph (9)
 P - a wand of digging (16)
 Z - a wand of heal wounds (6)
Comestibles
 c - 13 meat rations
 h - 5 bread rations
 z - 8 royal jellies
Scrolls
 p - a scroll of blinking
 v - a scroll of magic mapping
 y - 3 scrolls of fear
 B - 6 scrolls of remove curse
 L - 2 scrolls of identify
 O - a scroll of fog
 T - 3 scrolls of teleportation
Jewellery
 n - an uncursed ring of poison resistance
 s - an uncursed amulet of clarity
 M - an uncursed ring of ice
 U - an amulet of faith (around neck)
Potions
 e - a potion of cure mutation
 g - 2 potions of agility
 j - 5 potions of restore abilities
 k - 3 potions of cancellation
 m - 5 potions of curing
 o - 3 potions of haste
 x - 2 potions of flight
 G - 4 potions of lignification
 H - 2 potions of magic
 N - 2 potions of heal wounds
Books
 d - a book of Party Tricks

   Spells                             Type                      Level
   Summon Butterflies                 Summoning                    1
   Apportation                        Translocation                1
   Blink                              Translocation                2
   Tukima's Dance                     Hexes                        3
   Alistair's Intoxication            Transmutation/Poison         4
   Trog disapproves of the use of such an item.
 w - a book of Geomancy

   Spells                             Type                      Level
   Sandblast                          Earth                        1
   Stoneskin                          Transmutation/Earth          2
   Passwall                           Transmutation/Earth          3
   Stone Arrow                        Conjuration/Earth            3
   Petrify                            Transmutation/Earth          4
   Lee's Rapid Deconstruction         Earth                        5
   Trog disapproves of the use of such an item.
 J - a book of the Dragon

   Spells                             Type                      Level
   Flight                             Charms/Air                   3
   Cause Fear                         Hexes                        4
   Bolt of Fire                       Conjuration/Fire             6
   Dragon Form                        Transmutation                7
   Dragon's Call                      Summoning                    9
   Trog disapproves of the use of such an item.
 S - the Compendium of Transmutation
   (You found it on level 11 of the Dungeon)

   Spells                             Type                      Level
   Passwall                           Transmutation/Earth          3
   Ice Form                           Ice/Transmutation            4
   Petrify                            Transmutation/Earth          4
   Trog disapproves of the use of such an item.


   Skills:
 + Level 10.0 Fighting
 - Level 22.0 Maces & Flails
 - Level 11.0 Dodging


You had 12 spell levels left.
You didn't know any spells.

Dungeon Overview and Level Annotations

Branches:
Dungeon (11/15)            Temple (1/1) D:7             Orc (0/4) D:11
   Lair (6/8) D:10          Swamp (0/5) Lair:5        Snake (0/5) Lair:4
  Slime (0/6) Lair:6

Altars:
Ashenzari
Dithmenos
Fedhas
Sif Muna
Xom
Zin
Jiyva

Shops:
D:6 *


Innate Abilities, Weirdness & Mutations

You are too large for most types of armour.
You have tough skin (AC +1).


Message History

You barely miss the green rat. You crush the green rat like a grape!!!
You kill the green rat!
Trog accepts your kill. The komodo dragon bites you!
* * * LOW HITPOINT WARNING * * *
The green rat bites you but does no damage.
You are too injured to fight recklessly!
You are too injured to fight recklessly!
You are too injured to fight recklessly!
You hit the komodo dragon but do no damage.
The komodo dragon barely misses you.
You bludgeon the komodo dragon!!
The komodo dragon is severely wounded.
The komodo dragon bites you!!
* * * LOW HITPOINT WARNING * * *
You completely miss the komodo dragon.
The komodo dragon is severely wounded.
The komodo dragon bites you!!
You die...

... ......... ...........
........... ...........
.......... ######
#.........
#..#.####........#
........#.#....P@#
.........##...PPl#
.........####.Prr# .
.........## ###rr## ...
..........# #..P..## #....
..........###......#.....##
.........###P......rr.....#
.........###...........r..#
.........#P..............r


You could see a komodo dragon and 4 green rats.

Vanquished Creatures
  Snorg (Lair:3)
  2 hydras
  Nergalle (Lair:6)
  3 hill giants
  Pikel (D:9)
  A cyclops (D:11)
  A griffon (Lair:4)
  8 black mambas
  6 spiny frogs
  5 komodo dragons
  A fire drake (Lair:5)
  6 polar bears
  A troll (D:11)
  3 giant leeches
  A queen bee (Lair:2)
  10 blink frogs
  2 basilisks
  29 yaks
  A wyvern (D:9)
  A shadow (D:11)
  A human (D:7)
  A hungry ghost (D:7)
  A deep elf fighter (D:10)
  13 wolves
  2 swamp worms (Lair:5)
  10 hippogriffs
  10 water moccasins
  A slave (D:9)
  6 porcupines
  3 orc warriors
  3 sky beasts
  4 ogres
  A black bear (D:8)
  3 centaurs
  5 ice beasts
  12 crocodiles
  11 giant frogs
  3 big kobolds
  Blork the orc (D:8)
  A gnoll sergeant (D:9)
  A cyclops skeleton (D:9)
  3 scorpions
  A hippogriff zombie (D:9)
  5 wights (D:10)
  25 killer bees
  A troll skeleton (D:9)
  6 crimson imps
  4 goliath beetles
  3 electric eels
  10 orc wizards
  3 jellies (D:7)
  10 hounds
  6 worker ants
  Natasha (twice) (D:3)
  8 iguanas
  A killer bee zombie (D:9)
  18 sheep
  Jessica (D:2)
  A hound zombie (D:7)
  23 adders
  41 green rats
  4 gnolls (D:9)
  2 shadow imps
  4 worms
  2 giant mites
  2 white imps (D:8)
  2 ufetubi (D:8)
  An orc zombie (D:11)
  An iguana skeleton (D:7)
  An adder simulacrum (D:8)
  9 giant geckos
  13 orcs
  18 bats
  A bat skeleton (D:4)
  5 giant cockroaches
  15 hobgoblins
  14 jackals
  35 kobolds
  2 oozes
  6 quokkas
  5 ball pythons
  6 giant newts
  9 goblins
  A kobold skeleton (D:5)
  3 orc skeletons
  18 rats
  A ballistomycete (D:11)
  5 fungi
534 creatures vanquished.

Vanquished Creatures (collateral kills)
  A hydra (Lair:1)
  A spriggan (Lair:1)
  A yellow wasp (Lair:1)
3 creatures vanquished.

Vanquished Creatures (others)
  A slave (D:9)
  A quokka (D:9)
  A giant spore (D:11)
  3 fungi
6 creatures vanquished.

Grand Total: 543 creatures vanquished

Notes
Turn   | Place    | Note
--------------------------------------------------------------
     0 | D:1      | Maka, the Ogre Berserker, began the quest for the Orb.
     0 | D:1      | Reached XP level 1. HP: 24/24 MP: 1/1
   182 | D:1      | Reached XP level 2. HP: 14/32 MP: 2/2
   638 | D:1      | Reached skill level 5 in Maces & Flails
  1080 | D:2      | Reached XP level 3. HP: 39/39 MP: 3/3
  1107 | D:2      | Acquired Trog's second power
  1253 | D:2      | Found a blossoming altar of Fedhas.
  1275 | D:2      | Noticed Jessica
  1378 | D:2      | Found a glowing silver altar of Zin.
  1392 | D:2      | Killed Jessica
  1392 | D:2      | Reached skill level 6 in Maces & Flails
  1563 | D:2      | Reached XP level 4. HP: 24/48 MP: 4/4
  2240 | D:3      | Upgraded the game from 0.14-a0-3520-g290746a to 0.15-a0-110-gb05c47c
  2240 | D:3      | Upgraded the game from 0.15-a0-110-gb05c47c to 0.16-a0-922-gae79c9c
  2403 | D:3      | Reached skill level 7 in Maces & Flails
  2527 | D:3      | Reached XP level 5. HP: 37/54 MP: 5/5
  2682 | D:3      | Noticed Natasha
  2695 | D:3      | Killed Natasha
  2698 | D:3      | Reached skill level 8 in Maces & Flails
  2780 | D:3      | Noticed Natasha
  2783 | D:3      | Killed Natasha
  3226 | D:4      | Noticed an ogre
  3234 | D:4      | Killed an ogre
  3234 | D:4      | Reached XP level 6. HP: 31/62 MP: 6/6
  3477 | D:4      | Upgraded the game from 0.16-a0-922-gae79c9c to 0.16-a0-1120-gd281f79
  3610 | D:4      | Reached XP level 7. HP: 60/70 MP: 7/7
  3759 | D:5      | Entered Level 5 of the Dungeon
  3852 | D:4      | Reached skill level 9 in Maces & Flails
  3951 | D:5      | Found a shimmering altar of Xom.
  3988 | D:5      | Acquired Trog's third power
  4187 | D:5      | Reached skill level 10 in Maces & Flails
  4258 | D:5      | Found a shadowy altar of Dithmenos.
  4495 | D:6      | Reached skill level 5 in Dodging
  4495 | D:6      | Reached XP level 8. HP: 53/78 MP: 8/8
  4526 | D:6      | Found Pnutt's General Store.
  4568 | D:6      | Bought a potion of heal wounds for 36 gold pieces
  4568 | D:6      | Bought a scroll of identify for 24 gold pieces
  4568 | D:6      | Bought a scroll of magic mapping for 42 gold pieces
  4811 | D:6      | Reached skill level 11 in Maces & Flails
  5508 | D:7      | Found a staircase to the Ecumenical Temple.
  5519 | Temple   | Entered the Ecumenical Temple
  5542 | D:7      | Reached skill level 12 in Maces & Flails
  5722 | D:7      | Reached skill level 13 in Maces & Flails
  5763 | D:7      | Reached XP level 9. HP: 84/84 MP: 9/9
  5921 | D:7      | Reached skill level 14 in Maces & Flails
  6561 | D:8      | Noticed Blork the orc
  6564 | D:8      | Killed Blork the orc
  7115 | D:8      | Received a gift from Trog
  7115 | D:8      | Reached skill level 15 in Maces & Flails
  7253 | D:8      | Reached XP level 10. HP: 26/92 MP: 10/10
  7593 | D:8      | Reached skill level 16 in Maces & Flails
  8333 | D:9      | Noticed Pikel
  8504 | D:9      | Killed Pikel
  8504 | D:9      | Reached skill level 17 in Maces & Flails
  8938 | D:9      | Found a deep blue altar of Sif Muna.
  8945 | D:9      | Received a gift from Trog
  9198 | D:9      | Found a deep blue altar of Sif Muna.
  9377 | D:9      | Found a shattered altar of Ashenzari.
  9607 | D:9      | Reached skill level 18 in Maces & Flails
  9853 | D:9      | Noticed a hill giant
  9859 | D:9      | Killed a hill giant
  9859 | D:9      | Reached XP level 11. HP: 100/100 MP: 11/11
  9878 | D:10     | Entered Level 10 of the Dungeon
 10055 | D:10     | Noticed a hill giant
 10070 | D:10     | Killed a hill giant
 10137 | D:10     | Reached skill level 19 in Maces & Flails
 10528 | D:10     | Found a staircase to the Lair.
 10752 | D:10     | Noticed a hill giant
 10759 | D:10     | Killed a hill giant
 10883 | D:11     | Found a staircase to the Orcish Mines.
 10917 | D:11     | Reached skill level 20 in Maces & Flails
 11069 | D:11     | Received a gift from Trog
 11301 | D:11     | Identified the Compendium of Transmutation (You found it on level 11 of the Dungeon)
 11764 | Lair:1   | Entered Level 1 of the Lair of Beasts
 11861 | Lair:1   | Noticed a spriggan rider
 11871 | Lair:1   | Noticed a four-headed hydra
 11883 | Lair:1   | Killed a three-headed hydra
 11885 | Lair:1   | Killed a yellow wasp
 11885 | Lair:1   | Killed a spriggan
 12531 | Lair:1   | Reached skill level 21 in Maces & Flails
 12635 | Lair:2   | Reached XP level 12. HP: 107/107 MP: 12/12
 12968 | Lair:2   | Received a gift from Trog
 12974 | Lair:2   | Got an encrusted giant club {god gift}
 12975 | Lair:2   | Identified the +5 giant club of Springtime {crush, Dex+3} (Trog gifted it to you on level 2 of the Lair of Beasts)
 13486 | Lair:2   | Received a gift from Trog
 13554 | Lair:2   | Identified a scroll of acquirement
 13555 | Lair:2   | Got a distressingly furry cloak
 13561 | Lair:2   | Identified the +0 cloak of the Rose {Str+2 Int-2} (You acquired it on level 2 of the Lair of Beasts)
 13745 | Lair:3   | Noticed Snorg
 14140 | Lair:3   | Upgraded the game from 0.16-a0-1120-gd281f79 to 0.16-a0-1132-gad589c6
 14186 | Lair:3   | Reached skill level 22 in Maces & Flails
 14367 | Lair:3   | Reached skill level 5 in Fighting
 15719 | Lair:3   | Killed Snorg
 16007 | Lair:4   | Upgraded the game from 0.16-a0-1132-gad589c6 to 0.16-a0-1157-gec61f8e
 16392 | Lair:4   | Reached skill level 10 in Fighting
 16604 | Lair:4   | Found a staircase to the Snake Pit.
 16637 | Lair:4   | Reached XP level 13. HP: 103/133 MP: 13/13
 17246 | Lair:5   | Received a gift from Trog
 18182 | Lair:5   | Found a staircase to the Swamp.
 18478 | Lair:6   | Reached skill level 10 in Dodging
 18531 | Lair:6   | Received a gift from Trog
 18534 | Lair:6   | Got a polished giant spiked club {god gift}
 18535 | Lair:6   | Identified the +5 giant spiked club of False Accusations {crush, rC+} (Trog gifted it to you on level 6 of the Lair of Beasts)
 18835 | Lair:6   | Noticed Nergalle
 19019 | Lair:6   | Killed Nergalle
 19067 | Lair:6   | Found a viscous altar of Jiyva.
 19099 | Lair:6   | Found a staircase to the Slime Pits.
 19255 | Lair:6   | HP: 1/133 [komodo dragon (33)]
 19256 | Lair:6   | Annihilated by a komodo dragon

Action                   |  1- 3 |  4- 6 |  7- 9 | 10-12 | 13-15 || total
-------------------------+-------+-------+-------+-------+-------++-------
Melee: Mace              |   121 |   118 |       |       |       ||   239
       Flail             |       |    31 |       |       |       ||    31
       Giant spiked club |       |    18 |   284 |   944 |   304 ||  1550
       Giant club        |       |       |       |     5 |       ||     5
Throw: Throwing net      |       |       |       |     4 |       ||     4
       Large rock        |       |       |       |     6 |     7 ||    13
Invok: Trog's Hand       |       |     1 |       |     8 |       ||     9
       Berserk           |       |       |       |     2 |     1 ||     3
       Brothers in Arms  |       |       |       |     1 |       ||     1
Evoke: Wand              |       |     4 |       |    11 |       ||    15
  Use: Scroll            |     2 |     9 |     7 |    11 |     1 ||    30
       Potion            |       |       |       |     6 |       ||     6
 Stab: Sleeping          |     1 |       |     1 |     1 |       ||     3
       Held in net/web   |       |       |       |     1 |       ||     1
  Eat: Chunk             |       |     2 |     3 |     8 |       ||    13
       Meat ration       |       |     1 |     1 |       |       ||     2
       Beef jerky        |       |       |     2 |       |     1 ||     3
       Pizza             |       |       |       |     9 |     1 ||    10
       Fruit             |       |       |       |    17 |     6 ||    23
       Bread ration      |       |       |       |       |     1 ||     1
